 Dungeon Crawl Stone Soup version 0.30-a0-263-ge22c4ad894 (webtiles) character file.

Game seed: 13186843963196535856

1910 Hubris850 the Sneak (level 9, -2/78 HPs)
             Began as a Naga Venom Mage on Oct 12, 2022.
             Was an Initiate of Kikubaaqudgha.
             Slain by Amaemon
             ... wielding a -2 demon whip of venom
              (4 damage)
             ... on level 8 of the Dungeon on Oct 13, 2022.
             The game lasted 00:23:07 (5285 turns).

Hubris850 the Sneak (Naga Venom Mage)               Turns: 5285, Time: 00:23:09

Health: -2/78      AC:  7    Str: 10    XL:     9   Next: 16%
Magic:  7/15       EV: 11    Int: 19    God:    Kikubaaqudgha [......]
Gold:   239        SH:  0    Dex: 13    Spells: 6/16 levels left

rFire   . . .      SeeInvis +    q - +3 club
rCold   . . .      Faith    .    (no shield)
rNeg    . . .      Spirit   .    r - +2 robe {Will+}
rPois   +          Reflect  .    (no helmet)
rElec   .          Harm     .    f - +0 cloak
rCorr   .          Rampage  .    (no gloves)
Will    ++...                    (no barding)
Stlth   +++.......               (no amulet)
HPRegen 0.33/turn                (no ring)
MPRegen 0.14/turn                (no ring)

@: lethally poisoned (-2 -> -7), slowed, very slow
A: AC +3, large, see invisible, deformed body, poison resistance, slowness 2,
spit poison 1, naga tail 1
a: Spit Poison, Renounce Religion


You were on level 8 of the Dungeon.
You worshipped Kikubaaqudgha.
Kikubaaqudgha was noncommittal.
You visited 2 branches of the dungeon, and saw 7 of its levels.

You collected 239 gold pieces.

Inventory:

Hand Weapons
 g - a +0 dagger
 q - a +3 club (weapon)
 s - a +0 mace of protection
Missiles
 o - 6 poisoned darts
Armour
 a - a +0 robe
 f - a +0 cloak (worn)
 r - a +2 robe of willpower (worn)
 x - a +1 ring mail of fire resistance
Wands
 p - a wand of roots (3)
 w - a wand of paralysis (7)
Scrolls
 c - 4 scrolls of identify {unknown}
 d - 5 scrolls of teleportation {unknown}
 h - 2 scrolls of torment {unknown}
 j - 2 scrolls of fear {unknown}
 k - 2 scrolls of blinking {unknown}
 n - a scroll of vulnerability {unknown}
 u - a scroll of acquirement {unknown}
 y - a scroll of magic mapping {unknown}
 z - a scroll of fog {unknown}
 B - a scroll of noise {unknown}
 E - a scroll of enchant armour {unknown}
Potions
 b - a potion of magic
 e - 2 potions of degeneration {unknown}
 i - 3 potions of might
 l - 2 potions of curing {unknown}
 m - 2 potions of haste {unknown}
 t - a potion of flight {unknown}
 v - a potion of heal wounds {unknown}
 A - a potion of berserk rage {unknown}
 C - 2 potions of ambrosia {unknown}
 D - 3 potions of lignification {unknown}


   Skills:
 + Level 3.9 Fighting
 - Level 4.0 Dodging
 + Level 7.1 Stealth
 - Level 4.0 Spellcasting
 - Level 4.0 Conjurations
 - Level 1.0 Transmutations
 - Level 4.0 Air Magic
 - Level 6.0 Poison Magic
 - Level 4.0 Evocations


You had 6 spell levels left.
You knew the following spells:

 Your Spells              Type           Power      Damage    Failure   Level
a - Sting                 Tmut/Pois      68%        1d6       3%          1
b - Poisonous Vapours     Pois/Air       44%        N/A       2%          2
c - Mephitic Cloud        Conj/Pois/Air  21%        N/A       6%          3
d - Olgreb's Toxic Radia  Pois           26%        N/A       12%         4

Your spell library contained the following spells:

 Spells                   Type           Power      Damage    Failure   Level
 Portal Projectile        Hex/Tloc       6%         N/A       38%         3
 Tukima's Dance           Hex            3%         N/A       38%         3
 Blade Hands              Tmut           3%         N/A       94%         5


Dungeon Overview and Level Annotations

Branches:
Dungeon (8/15)             Temple (1/1) D:6
   Lair: D:8-11

Altars:
Cheibriados
Dithmenos
Elyvilon
Gozag
Hepliaklqana
Kikubaaqudgha
Makhleb
Sif Muna
Uskayaw
Wu Jian
Xom
Yredelemnul
Zin

Shops:
D:6 *(:(

Annotations:
D:8 Amaemon


Innate Abilities, Weirdness & Mutations

Your serpentine skin is tough. (AC +3)
You have supernaturally acute eyesight. (SInv)
Armour fits poorly on your strangely shaped body.
Your system is resistant to poisons. (rPois)
You cover ground very slowly.
You can spit poison.
You have a snake-like lower body.


Message History

Press: ? - help, Shift-Dir - straight line, f/p - Amaemon
Aim: Amaemon, wielding a -2 demon whip of venom (moderately wounded, extremely poisoned, 67% to hit)
The sting hits Amaemon.
Amaemon looks as sick as possible!
Amaemon is moderately wounded.
You have got your breath back.
The orange demon stings you from afar.
You hit Amaemon.
Amaemon is heavily wounded.
Amaemon closely misses you. Amaemon claws you but does no damage.
Amaemon tail-slaps you.
The orange demon stings you but does no damage.
Amaemon hits you with a -2 demon whip of venom!
Amaemon barely misses you.
Amaemon tail-slaps you but does no damage.
The orange demon stings you but does no damage.
You hit Amaemon.
Amaemon is severely wounded.
Amaemon hits you with a -2 demon whip of venom.
You are poisoned.
Amaemon claws you. Amaemon tail-slaps you. The orange demon closely misses you.
Amaemon whines, "They said I was special.
Look at me now!"
Amaemon hits you with a -2 demon whip of venom!
Amaemon barely misses you. Amaemon tail-slaps you.
The orange demon closely misses you.
There are monsters nearby!
Aiming: Fastroot
Press: ? - help, Shift-Dir - straight line, f - orange demon, p - Amaemon
Aim: an orange demon (heavily wounded, concentrated venom, very poisoned)
The roots erupt in riotous growth!
Roots grab the orange demon.
Roots grab Amaemon.
The grasping roots constrict Amaemon!
The grasping roots constrict the orange demon.
You feel very sick.
Amaemon hits you with a -2 demon whip of venom!
* * * LOW HITPOINT WARNING * * *
Amaemon claws you!
* * * LOW HITPOINT WARNING * * *
Amaemon tail-slaps you.
You die...
Kikubaaqudgha rasps: "You have failed me!
Welcome... death!"

.............#.........
########.....#..###.#..
#...............
#########........##.....
........#...............
........+.##.#......#...
........####.#..###>#...
........'.............#.
.......@####.#.#..#.....
......6.# #...#..######
.......4# #...#.
........# #...# #####
......... ....#. #....
......... #...#..##.###
.........# ...#........
.......... #..##.###
........## #. #.#


You could see Amaemon (very poisoned, rooted) and an orange demon (curare, very
poisoned, rooted).

Vanquished Creatures
  A hornet (D:6)
  A steam dragon (D:6)
  A water moccasin (D:7)
  An ice beast (D:8)
  A sky beast (D:6)
  3 centaurs
  2 ogres (D:6)
  3 bullfrogs
  A scorpion (D:7)
  5 killer bees (D:8)
  2 jellies
  3 hounds (D:6)
  2 orc priests
  Jessica (D:2)
  2 iguanas
  An orc wizard (D:6)
  4 adders
  A white imp (D:7)
  An ufetubus (D:6)
  A worm (D:2)
  10 orcs
  A ball python (D:1)
  3 bats
  2 endoplasms
  A giant cockroach (D:1)
  3 goblins (D:1)
  5 hobgoblins
  4 kobolds
  A frilled lizard (D:2)
  4 rats
71 creatures vanquished.

Notes
Turn   | Place    | Note
-------+----------+-------------------------------------------
     0 | D:1      | Hubris850 the Naga Venom Mage began the quest for the Orb.
     0 | D:1      | Reached XP level 1. HP: 15/15 MP: 3/3
   154 | D:1      | Found a faded altar of an unknown god.
   222 | D:1      | Reached XP level 2. HP: 22/22 MP: 5/5
   281 | D:1      | Learned a level 2 spell: Poisonous Vapours
   320 | D:1      | Reached skill level 5 in Poison Magic
   735 | D:2      | Reached XP level 3. HP: 28/28 MP: 3/6
   867 | D:2      | Learned a level 3 spell: Mephitic Cloud
  1092 | D:2      | Noticed Jessica
  1101 | D:2      | Killed Jessica
  1102 | D:2      | Reached skill level 1 in Air Magic
  1102 | D:2      | Reached XP level 4. HP: 30/36 MP: 0/7
  1998 | D:3      | Reached XP level 5. HP: 28/42 MP: 5/8
  2223 | D:3      | You fall into a shaft and drop 3 floors!
  2278 | D:6      | Found Tulac's Antique Weapon Emporium.
  2300 | D:6      | Found a staircase to the Ecumenical Temple.
  2306 | Temple   | Entered the Ecumenical Temple
  2332 | Temple   | Became a worshipper of Kikubaaqudgha
  2399 | D:6      | Found Oziwk's Weapon Emporium.
  2407 | D:6      | Noticed a steam dragon
  2419 | D:6      | HP: 1/42 [steam dragon (2)]
  2420 | D:6      | Killed a steam dragon
  2421 | D:6      | Reached XP level 6. HP: 2/49 MP: 2/9
  2638 | D:6      | Upgraded the game from 0.30-a0-250-g41c1d76940 to
                  | 0.30-a0-263-ge22c4ad894
  3009 | D:6      | Found Jeixt's Assorted Antiques.
  3045 | D:6      | Reached XP level 7. HP: 42/55 MP: 5/11
  3271 | D:6      | Found a hide-covered altar of Uskayaw.
  3273 | D:6      | Found a white marble altar of Elyvilon.
  3273 | D:6      | Found a shimmering blue altar of Sif Muna.
  3274 | D:6      | Found a burning altar of Makhleb.
  3276 | D:6      | Found a shimmering altar of Xom.
  3277 | D:6      | Found a glowing silver altar of Zin.
  3419 | D:6      | Reached skill level 1 in Evocations
  3543 | D:6      | Found Jasohixu's Book Emporium.
  4149 | D:7      | Reached XP level 8. HP: 50/62 MP: 9/14
  4284 | D:7      | Reached skill level 1 in Fighting
  4370 | D:7      | Reached skill level 4 in Stealth
  4504 | D:7      | Noticed a hornet
  4516 | D:6      | Killed a hornet
  4517 | D:6      | Reached skill level 5 in Stealth
  4761 | D:7      | Learned a level 4 spell: Olgreb's Toxic Radiance
  4880 | D:7      | Reached skill level 6 in Stealth
  5139 | D:8      | Reached XP level 9. HP: 76/76 MP: 9/15
  5207 | D:8      | Reached skill level 7 in Stealth
  5275 | D:8      | Noticed Amaemon
  5275 | D:8      | Noticed an orange demon
  5285 | D:8      | HP: 2/78 [Amaemon/-2 demon whip of venom (7)]
  5285 | D:8      | Slain by Amaemon

Illustrated notes

Levels and vault maps discovered:
D:1:      minmay_arrival_hallway, layout_basic, shapermc_ecumenical_altar_venn
D:2:      layout_basic, uniq_jessica
D:3:      layout_basic
D:6:      layout_loops_corners, grunt_temple_overflow_open,
          minmay_temple_entry_nine_rooms, serial_shops,
          nicolae_shop_competitors_out_of_business, nicolae_shop_waterfront,
          nicolae_shop_hallway_plus, nicolae_square_shop, grunt_ministairs_5,
          dreamdust_wishing_well, serial_bayou_crossing
D:7:      layout_cave_pools
D:8:      layout_basic, uniq_amaemon, uniq_psyche, uniq_erica
Temple:   eino_temple_water

Skill      XL: |  1  2  3  4  5  6  7  8  9 |
---------------+----------------------------+-----
Poison Magic   | 5 6 |  6.0
Air Magic      | 1 2 4 |  4.0
Conjurations   | 2 4 |  4.0
Spellcasting   | 4 |  4.0
Evocations     | 3 4 |  4.0
Dodging        | 3 4 |  4.0
Fighting       | 3 |  3.9
Stealth        | 6 7 |  7.1
Transmutations | |  1.0

Action                   |  1- 3 |  4- 6 |  7- 9 || total
-------------------------+-------+-------+-------++-------
Melee: Dagger            |     2 |       |       ||     2
       Club              |       |    23 |    32 ||    55
       Punch             |       |     1 |     2 ||     3
Throw: Dart              |     1 |       |       ||     1
 Cast: Sting             |    34 |    38 |    72 ||   144
       Poisonous Vapours |       |     3 |    15 ||    18
       Mephitic Cloud    |       |       |     1 ||     1
       Olgreb's Toxic Ra |       |       |     2 ||     2
 Abil: Spit Poison       |    19 |    13 |    15 ||    47
Evoke: Wand              |       |       |     3 ||     3
  Use: Potion            |       |     1 |       ||     1
 Stab: Sleeping          |       |       |     1 ||     1
Armor: Robe              |     4 |    20 |    43 ||    67
Dodge: Dodged            |     7 |    30 |    64 ||   101

Table legend: (Time is in decaauts)
 A = Elapsed time spent in this place.
 B = Non-inter-level travel time spent in this place.
 C = Inter-level travel time spent in this place.
 D = Time resting spent in this place.
 E = Time spent auto-exploring this place.
 F = Levels seen in this place.
 G = Mean time per level.
                   A        B        C        D        E       F      G
               +--------+--------+--------+--------+--------+-----+--------+
         Total |   6493 |   6370 |    123 |   1194 |   3942 |   7 |  927.6 |
       Dungeon |   6441 |   6318 |    123 |   1194 |   3942 |   6 | 1073.5 |
        Temple |     51 |     51 |      0 |      0 |      0 |   1 |   51.0 |
               +--------+--------+--------+--------+--------+-----+--------+

Top non-repeatable levels by time:
     D:6: 2493 daAuts
     D:2: 1447 daAuts
     D:7: 916 daAuts
     D:1: 885 daAuts
     D:3: 468 daAuts
     D:8: 230 daAuts
  Temple: 51 daAuts
